 Dungeon Crawl Stone Soup version 0.16.2 (webtiles) character file.

54401 poirepourri the Cleaver (level 14, -6/139 HPs)
             Began as a Deep Dwarf Berserker on Aug 12, 2015.
             Was an Elder of Trog.
             Killed from afar by an acid blob (18 damage)
             ... with a splash of acid
             ... on level 7 of the Lair of Beasts.
             The game lasted 01:01:13 (18798 turns).

poirepourri the Cleaver (Deep Dwarf Berserker)     Turns: 18798, Time: 01:01:13

Health: -6/139     AC: -31   Str: 31    XL:     14   Next: 34%
Magic:  15/15      EV: 28    Int:  7    God:    Trog [****..]
Gold:   1016       SH: 16    Dex: 22    Spells: 0 memorised, 13 levels left

rFire  . . .     SeeInvis .     D - +3 war axe (flame)
rCold  . . .     Clarity  .     n - +0 scale mail
rNeg   + . .     SustAb   .     o - +1 shield
rPois  .         Gourm    .     K - +1 hat
rElec  .         Spirit   .     u - +1 cloak
rCorr  .         Warding  .     b - +2 pair of fencer's gloves {EV+3 Dex+6 Slay+2}
rMut   .         Stasis   .     C - +1 pair of boots
MR     ++...                    (no amulet)
Stlth  +.........               H - +3 ring of dexterity
                                x - +4 ring of evasion

@: mighty, corroded equipment, very slightly contaminated, non-regenerating,
very resistant to hostile enchantments, very unstealthy
A: damage resistance, recharge devices, horns 1, negative energy resistance 1,
sense surroundings 2, slow healing 3
a: Device Recharging, Burn Spellbooks, Berserk, Trog's Hand, Brothers in Arms,
Renounce Religion


You were on level 7 of the Lair of Beasts.
You worshipped Trog.
Trog was greatly pleased with you.
You were full.

You visited 5 branches of the dungeon, and saw 19 of its levels.

You collected 1161 gold pieces.
You spent 145 gold pieces at shops.

Inventory:

Hand weapons
 a - a +0 hand axe
 D - a +3 war axe of flaming (weapon)
Armour
 b - the +2 pair of fencer's gloves (worn) {EV+3 Dex+6 Slay+2}
   (You found it on level 8 of the Lair of Beasts)

   It affects your evasion (+3).
   It affects your dexterity (+6).
   It affects your accuracy and damage with ranged weapons and melee attacks
   (+2).
 n - a +0 scale mail (worn)
 o - a +1 shield (worn)
 u - a +1 cloak (worn)
 y - a +2 pair of gloves
 C - a +1 pair of boots (worn)
 K - a +1 hat (worn)
 Z - a +1 helmet
Jewellery
 k - an uncursed ring of protection from cold
 l - an uncursed ring of protection from magic
 t - an uncursed ring of ice
 x - a +4 ring of evasion (left hand)
 H - a +3 ring of dexterity (right hand)
 S - an uncursed amulet of guardian spirit
Magical devices
 c - a wand of heal wounds (4)
 i - a wand of draining (4)
 q - a wand of flame (5)
 r - a wand of flame (9)
 w - a wand of digging (15)
 G - a wand of lightning (0)
 I - a wand of disintegration (0)
 J - a wand of digging (13)
 M - a wand of polymorph (9)
 R - a wand of fire (1)
 U - a wand of paralysis (13)
 W - a wand of lightning (4)
 X - a wand of fire (2)
Scrolls
 e - 3 scrolls of identify
 h - 9 scrolls of remove curse
 m - 5 scrolls of teleportation
 A - 4 scrolls of fog
 E - a scroll of acquirement
Potions
 g - a potion of might
 s - 3 potions of flight
 B - a potion of invisibility
 N - a potion of cure mutation
 T - 2 potions of restore abilities
 V - 2 potions of lignification
Miscellaneous
 f - a sack of spiders
Comestibles
 d - 8 bread rations
 p - 9 beef jerkies
 F - 19 fruits
 P - 2 royal jellies
 Q - 2 slices of pizza


   Skills:
 * Level 12.9 Fighting
 + Level 13.3 Axes
 + Level 10.1 Armour
 + Level 11.7 Dodging
 + Level 2.7 Stealth
 + Level 12.0 Shields
 + Level 2.0 Evocations


You had 13 spell levels left.
You didn't know any spells.

Dungeon Overview and Level Annotations

Branches:
Dungeon (8/15)             Temple (0/1) D:6            Lair (8/8) D:8
  Swamp (1/5) Lair:5       Spider (1/5) Lair:5        Slime (1/6) Lair:7

Altars:
Ashenzari
Elyvilon
Fedhas
Makhleb
Nemelex Xobeh
Okawaru
Qazlal
Ru
Trog
Yredelemnul
Zin
The Shining One
Jiyva

Shops:
D:4 %

Annotations:
D:7 Prince Ribbit


Innate Abilities, Weirdness & Mutations

You are resistant to damage.
You can recharge devices by infusing magical energy.
You resist negative energy.
You passively map the area around you.
You do not heal naturally.
You have a pair of small horns on your head.


Message History

Unknown command.
Drink which item? (? for menu, Esc to quit)
You feel very mighty all of a sudden. You block the acid blob's attack.
Drink which item? (? for menu, Esc to quit)
You feel better. The acid blob closely misses you.
Drink which item? (? for menu, Esc to quit)
You feel better. The acid blob spits acid at you. The splash of acid hits you!
* * * LOW HITPOINT WARNING * * *
The acid corrodes your equipment!
The acid burns!
* * * LOW HITPOINT WARNING * * *
You block the acid blob's attack.
Use which ability? (? or * to list) Charge which item? (? for menu, Esc to quit)
Your wand of heal wounds (0) glows for a moment and now has 4 charges.
The acid blob spits acid at you. The splash of acid hits you!
You die...

...##...##......#...#.......##*
P...#............P...P........#
...#.#..P...#..............P###
....#...P.....<.............#
.........#...........#......#
........P#......P..........P#
............................#
#..#.#.....................##
....##..........@..........##
#..###..........J...........#
#..#....P...........##......#
.....#...P..........##P.....#
#...##.........P....#P......#
#..###........P.....#.......#
........P..................##
#..##..<........P...........#
.....#..............#......##


You could see an acid blob.

Vanquished Creatures
  Gastronok (Lair:1)
  5 dire elephants (Lair:8)
  Fannar (Lair:8)
  An anaconda (Lair:8)
  2 alligators (Swamp:1)
  2 hydras
  6 death yaks
  Pikel (D:4)
  3 wolf spiders (Spider:1)
  An oklob plant (Lair:8)
  An orb spider (Spider:1)
  2 griffons
  11 elephants
  9 black mambas
  A torpor snail (Spider:1)
  A demonic crawler (Spider:1)
  17 spiny frogs
  6 komodo dragons
  3 fire drakes
  6 slime creatures (Swamp:1)
  2 ravens (Swamp:1)
  9 blink frogs (Lair:5)
  A boulder beetle (Lair:8)
  A bog body (Swamp:1)
  A redback (Lair:5)
  2 basilisks
  A tarantella (Spider:1)
  33 yaks
  10 hippogriffs
  3 swamp worms
  Menkaure (D:7)
  8 wolves
  18 water moccasins
  13 porcupines
  8 soldier ants (Lair:8)
  2 phantoms
  2 black bears
  4 ice beasts
  An orc warrior (D:7)
  2 centaurs
  3 ogres
  A boring beetle (Lair:8)
  12 crocodiles
  15 giant frogs
  2 scorpions
  2 crimson imps
  A centaur zombie (D:6)
  2 electric eels (Lair:8)
  A goliath beetle (D:8)
  3 jellies
  5 orc priests
  5 hounds
  A giant frog zombie (D:8)
  A quasit (D:7)
  Crazy Yiuf (D:7)
  A giant frog skeleton (D:7)
  4 iguanas
  A centaur skeleton (D:6)
  7 orc wizards
  7 hell rats (Lair:6)
  23 worker ants
  6 sheep
  Ijyb (D:7)
  Jessica (D:2)
  A worker ant zombie (D:8)
  15 adders
  21 river rats (Lair:5)
  A shadow imp (D:7)
  2 giant mites
  4 worms
  3 giant geckos
  An ooze (D:1)
  12 orcs
  A ball python (D:2)
  9 bats
  A bat skeleton (D:4)
  4 giant cockroaches
  7 goblins
  17 hobgoblins
  17 kobolds
  12 quokkas
  2 giant newts (D:2)
  6 jackals
  10 rats
  A butterfly (Lair:3)
  17 fungi
  11 plants
483 creatures vanquished.

Vanquished Creatures (collateral kills)
  The ghost of Xenophilius the Spear-Bearer, a powerful MfIE of Sif Muna (Lair:8)
  3 hydras
  2 slime creatures (Slime:1)
  A queen ant (Lair:8)
  A spiny frog (Lair:8)
  A hippogriff (Lair:8)
  2 ice beasts (Lair:8)
  2 crocodiles
  A worker ant (Lair:8)
14 creatures vanquished.

Vanquished Creatures (others)
  2 two-headed ogres (Lair:8)
  A black bear (Spider:1)
  2 slaves (D:4)
  3 ogres
  An adder (D:4)
  An adder skeleton (D:4)
  2 orcs (D:6)
  2 jackals (D:4)
  A giant gecko skeleton (D:4)
  A quokka skeleton (D:4)
  14 fungi
  5 plants
35 creatures vanquished.

Grand Total: 532 creatures vanquished

Notes
Turn   | Place    | Note
--------------------------------------------------------------
     0 | D:1      | poirepourri, the Deep Dwarf Berserker, began the quest for the Orb.
     0 | D:1      | Reached XP level 1. HP: 20/20 MP: 1/1
   175 | D:1      | Reached XP level 2. HP: 24/27 MP: 2/2
   785 | D:2      | Reached XP level 3. HP: 23/33 MP: 3/3
   803 | D:2      | Reached skill level 4 in Axes
   812 | D:2      | Noticed Jessica
   822 | D:2      | Killed Jessica
   822 | D:2      | Acquired Trog's second power
  1193 | D:2      | Reached XP level 4. HP: 12/42 MP: 4/4
  1300 | D:2      | Reached skill level 1 in Stealth
  2193 | D:3      | Found a bloodstained altar of Trog.
  2339 | D:3      | Found an iron altar of Okawaru.
  2483 | D:3      | Reached XP level 5. HP: 37/49 MP: 5/5
  2601 | D:3      | Found a glowing golden altar of the Shining One.
  2794 | D:4      | Noticed a slave
  2794 | D:4      | Noticed a slave
  2797 | D:4      | Noticed Pikel
  2797 | D:4      | Noticed a slave
  2800 | D:4      | Noticed a slave
  2853 | D:4      | Killed Pikel
  2853 | D:4      | Reached skill level 5 in Axes
  2853 | D:4      | Reached XP level 6. HP: 37/58 MP: 6/6
  2853 | D:4      | Reached XP level 7. HP: 42/66 MP: 7/7
  2907 | D:4      | Found a shattered altar of Ashenzari.
  3071 | D:4      | Found Shrefenn's Food Shop.
  3076 | D:4      | Bought a meat ration for 50 gold pieces
  3076 | D:4      | Bought a bread ration for 50 gold pieces
  3076 | D:4      | Bought a beef jerky for 15 gold pieces
  3076 | D:4      | Bought a beef jerky for 15 gold pieces
  3076 | D:4      | Bought a slice of pizza for 15 gold pieces
  3155 | D:4      | Reached skill level 8 in Fighting
  3155 | D:4      | Reached XP level 8. HP: 32/81 MP: 8/8
  3728 | D:4      | Killed a freed slave
  3830 | D:4      | Found a sacrificial altar of Ru.
  3831 | D:4      | Found a basalt altar of Yredelemnul.
  3833 | D:4      | Noticed a phantom
  3856 | D:4      | Killed a phantom
  3882 | D:4      | Killed a freed slave
  4133 | D:5      | Entered Level 5 of the Dungeon
  4552 | D:5      | Found a sparkling altar of Nemelex Xobeh.
  4791 | D:5      | Found a white marble altar of Elyvilon.
  5033 | D:6      | Gained mutation: You passively map the area around you. [level up]
  5033 | D:6      | Reached XP level 9. HP: 88/88 MP: 9/9
  5220 | D:6      | Found a staircase to the Ecumenical Temple.
  6142 | D:7      | Noticed Ijyb
  6153 | D:7      | Killed Ijyb
  6480 | D:7      | Gained mutation: You have sharp toenails. [potion of mutation]
  6480 | D:7      | Gained mutation: You have a somewhat thin skeletal structure (Dex +2, Stealth). [potion of mutation]
  6480 | D:7      | Gained mutation: Armour fits poorly on your strangely shaped body. [potion of mutation]
  6483 | D:7      | Lost mutation: You have sharp toenails. [potion of cure mutation]
  6483 | D:7      | Lost mutation: Armour fits poorly on your strangely shaped body. [potion of cure mutation]
  6483 | D:7      | Lost mutation: You have a somewhat thin skeletal structure (Dex +2, Stealth). [potion of cure mutation]
  6484 | D:7      | Gained mutation: You have a pair of small horns on your head. [potion of beneficial mutation]
  6685 | D:7      | Noticed Prince Ribbit
  6695 | D:7      | Noticed Menkaure
  6714 | D:7      | Killed Menkaure
  6714 | D:7      | Reached skill level 1 in Evocations
  6807 | D:7      | Noticed Crazy Yiuf
  6819 | D:7      | Killed Crazy Yiuf
  7072 | D:8      | Found a stormy altar of Qazlal.
  7075 | D:8      | Found a glowing silver altar of Zin.
  7089 | D:8      | Found a burning altar of Makhleb.
  7103 | D:8      | Found a blossoming altar of Fedhas.
  7188 | D:8      | Acquired Trog's third power
  7321 | D:8      | Noticed a fire drake
  7328 | D:8      | Killed a fire drake
  7335 | D:8      | Found a staircase to the Lair.
  7701 | Lair:1   | Entered Level 1 of the Lair of Beasts
  7712 | Lair:1   | Noticed a seven-headed hydra
  7721 | Lair:1   | Killed a five-headed hydra
  7721 | Lair:1   | Reached XP level 10. HP: 63/98 MP: 12/12
  7751 | Lair:1   | Reached skill level 9 in Fighting
  7900 | Lair:1   | Noticed a spiny frog
  7914 | Lair:1   | Killed a spiny frog
  8209 | Lair:1   | Noticed a spiny frog
  8220 | Lair:1   | Killed a spiny frog
  8247 | Lair:1   | Noticed Gastronok
  8265 | Lair:1   | Killed Gastronok
  8265 | Lair:1   | Reached XP level 11. HP: 73/108 MP: 13/13
  8472 | Lair:1   | You fall through a shaft!
  9169 | Lair:3   | Reached skill level 10 in Fighting
  9363 | Lair:3   | Found a labyrinth entrance.
  9363 | Lair:3   | Noticed a death yak
  9379 | Lair:3   | Noticed a death yak
  9381 | Lair:3   | Noticed a death yak
  9392 | Lair:3   | Killed a death yak
  9392 | Lair:3   | Reached skill level 10 in Axes
  9397 | Lair:3   | Killed a death yak
  9398 | Lair:3   | Killed a death yak
 11197 | Lair:4   | Noticed a six-headed hydra
 11203 | Lair:4   | Killed a five-headed hydra
 11203 | Lair:4   | Reached XP level 12. HP: 105/118 MP: 15/15
 11573 | Lair:5   | Found a frozen archway.
 11660 | Lair:5   | Reached skill level 11 in Fighting
 11660 | Lair:5   | Reached skill level 10 in Dodging
 11934 | Lair:5   | Found a hole to the Spider Nest.
 11963 | Spider:1 | Entered Level 1 of the Spider Nest
 12442 | Lair:5   | Found a staircase to the Swamp.
 12503 | Swamp:1  | Entered Level 1 of the Swamp
 12570 | Swamp:1  | Reached skill level 10 in Shields
 13661 | Lair:5   | Reached XP level 13. HP: 120/127 MP: 16/16
 14064 | Lair:6   | Reached skill level 12 in Axes
 15066 | Lair:7   | Found a staircase to the Slime Pits.
 15073 | Lair:7   | Found a viscous altar of Jiyva.
 16081 | Lair:8   | Entered Level 8 of the Lair of Beasts
 16696 | Lair:8   | Noticed Fannar
 16716 | Lair:8   | Killed Fannar
 16716 | Lair:8   | Reached skill level 10 in Armour
 16744 | Lair:8   | Noticed Xenophilius' ghost (powerful MfIE)
 16808 | Lair:8   | Killed Xenophilius' ghost
 17364 | Lair:8   | Reached skill level 13 in Axes
 17364 | Lair:8   | Gained mutation: You resist negative energy. [level up]
 17364 | Lair:8   | Reached XP level 14. HP: 120/139 MP: 17/17
 18176 | Lair:8   | Identified a scroll of acquirement
 18761 | Slime:1  | Entered Level 1 of the Pits of Slime
 18761 | Slime:1  | Noticed an acid blob
 18783 | Slime:1  | HP: 5/139 [acid (2)]
 18786 | Slime:1  | Noticed an acid blob
 18787 | Slime:1  | Noticed an acid blob
 18793 | Slime:1  | HP: 6/139 [acid blob/splash of acid (7)]
 18793 | Slime:1  | HP: 1/139 [acid (5)]
 18798 | Lair:7   | Killed from afar by an acid blob

Action                   |  1- 3 |  4- 6 |  7- 9 | 10-12 | 13-15 || total
-------------------------+-------+-------+-------+-------+-------++-------
Melee: Hand axe          |   113 |   147 |   498 |       |       ||   758
       War axe           |       |       |    43 |   589 |   631 ||  1263
Invok: Trog's Hand       |     2 |     4 |    11 |    31 |    18 ||    66
       Berserk           |       |     1 |     1 |     1 |     3 ||     6
       Brothers in Arms  |       |       |     1 |     2 |     8 ||    11
       Burn Spellbooks   |       |       |     1 |     1 |     1 ||     3
 Abil: Device Recharging |       |       |       |     1 |     2 ||     3
Evoke: Wand              |       |     2 |    14 |     4 |    15 ||    35
  Use: Potion            |     7 |     1 |    11 |     4 |     8 ||    31
       Scroll            |     3 |     2 |     4 |     9 |    10 ||    28
 Stab: Sleeping          |     1 |       |       |       |       ||     1
       Distracted        |       |       |       |     1 |     1 ||     2
  Eat: Royal jelly       |     1 |       |       |       |       ||     1
       Bread ration      |       |     1 |     1 |     1 |     3 ||     6
       Meat ration       |       |     1 |     2 |     3 |     3 ||     9
       Beef jerky        |       |       |     2 |       |     1 ||     3
       Pizza             |       |       |     1 |       |       ||     1
       Chunk             |       |       |     1 |       |       ||     1
       Fruit             |       |       |       |     2 |       ||     2
